 Dungeon Sprint DCSS version 0.32-a0-411-g744942f433 (webtiles) character file.

Game seed: 4273846845045149216

0 shadowstone the Covered (level 2, -7/26 HPs)
             Began as an Armataur Fighter on Feb 20, 2024.
             Was an Initiate of Qazlal.
             Mangled by a gnoll sergeant
             ... wielding a +0 spear
              (10 damage)
             ... in the Dungeon (Sprint VI: "Thunderdome").
             The game lasted 00:01:16 (67 turns).

shadowstone the Covered (Armataur Fighter)            Turns: 67, Time: 00:01:17

Health: -7/26      AC:  7    Str: 21    XL:     2   Next: 10%
Magic:  2/2        EV:  7    Int:  8    God:    Qazlal [......]
Gold:   95         SH:  4    Dex:  9    Spells: 1/1 levels left

rFire   . . .        o - +0 hand cannon
rCold   . . .        c - +0 buckler
rNeg    . . .        b - +0 scale mail
rPois   .            (no helmet)
rElec   .            (no cloak)
rCorr   .            (no gloves)
SInv    .            (no barding)
Will    .....        (no amulet) Stlth
                     (no ring)
HPRegen 0.24/turn    (no ring)
MPRegen 0.08/turn

%: no teleportation, roll
@: no status effects
A: large, deformed body, tough skin 3, armoured tail, roll 1
a: Renounce Religion


You were in the Dungeon.
You worshipped Qazlal.
Qazlal was noncommittal.
You visited 1 branch You collected 200 gold pieces.
You spent 105 gold pieces at shops.

Inventory:

Hand Weapons
 a - a +0 war axe
 o - a +0 hand cannon (weapon)
Armour
 b - a +0 scale mail (worn)
 c - a +0 buckler (worn)
Wands
 l - a wand of light (5)
 m - a wand of iceblast (5)
Scrolls
 j - 4 scrolls of blinking
 n - 3 scrolls of fog
Potions
 d - a potion of might
 e - a potion of curing
 f - 4 potions of heal wounds
 g - 4 potions of haste
 h - 2 potions of magic
 i - a potion of berserk rage
 k - a potion of resistance


   Skills:
 + Level 3.4 Fighting
 + Level 1.9 Axes
 + Level 4.6 Armour
 + Level 4.1 Shields


You had one spell level left.
You didn't know any spells.
Your spell library was empty.

Dungeon Overview and Level Annotations

Branches:
Dungeon (1/1)

Altars:
Cheibriados
Dithmenos
Gozag
Kikubaaqudgha
Qazlal
Ru
Uskayaw
Vehumet
The Shining One

Shops:
D **[(


Innate Abilities, Weirdness & Mutations

Armour fits poorly on your strangely shaped body.
You have extremely tough skin. (AC +3)
You have a long armoured tail.
You regenerate magic when rolling toward enemies. (Rampage MPRegen)


Message History

There is an entrance to Zogiaj's Miscellaneous Merchandise here.
Found a radiant altar of Vehumet.
You start waiting.
A gnoll comes into view. It is wielding a +0 flail.
The gnoll shouts!
A gnoll sergeant comes into view. It is wielding a +0 spear.
You shoot a bolt. The bolt hits the gnoll sergeant!
The gnoll sergeant is moderately wounded.
You shoot a bolt.
The bolt barely misses the gnoll sergeant.
You shoot a bolt.
The bolt hits the gnoll sergeant but does no damage.
The gnoll sergeant is moderately wounded.
The gnoll sergeant hits you from afar with a +0 spear.
You shoot a bolt.
The bolt hits the gnoll but does no damage.
The gnoll sergeant hits you from afar with a +0 spear.
The gnoll hits you with a +0 flail.
The gnoll sergeant hits you from afar with a +0 spear.
The gnoll barely misses you.
You are too injured to fight recklessly!
You are too injured to fight recklessly!
You are too injured to fight recklessly!
You are too injured to fight recklessly!
You are too injured to fight recklessly!
You are too injured to fight recklessly!
You are too injured to fight recklessly!
You are too injured to fight recklessly!
You are too injured to fight recklessly!
You shoot a bolt. The bolt hits the gnoll!
The gnoll is severely wounded.
You block the gnoll sergeant's attack. You block the gnoll's attack.
The gnoll sergeant hits you but does no damage.
The gnoll hits you with a +0 flail!
* * * LOW HITPOINT WARNING * * *
You shoot a bolt. The bolt hits the gnoll!
You kill the gnoll!
Qazlal accepts your kill.
The gnoll sergeant hits you from afar with a +0 spear!
You die...

.. #...# .....
...... #.<.# .....
......###...###.....
.........###........
.......ß.# #.ß......
__......###......__
#.ß.........ß.###
#⌠...........⌠#
###..☼@.g...###
#_..)○....#
#_...)..._#
#_......._#
#∩.......∩#
##∩.....∩##
##.....## ##⌠⌠⌠##
#####


You could see a gnoll sergeant.

Vanquished Creatures
  2 gnolls (D)
2 creatures vanquished.

Notes
Turn   | Place    | Note
-------+----------+-------------------------------------------
     0 | D        | shadowstone the Armataur Fighter began the quest for the
                  | Orb.
     0 | D        | Reached XP level 1. HP: 18/18 MP: 1/1
     4 | D        | Found a shadowy altar of Dithmenos.
     5 | D        | Found a sacrificial altar of Ru.
     5 | D        | Found a snail-covered altar of Cheibriados.
     5 | D        | Round 1.
     6 | D        | Found a glowing golden altar of the Shining One.
     6 | D        | Found a hide-covered altar of Uskayaw.
     7 | D        | Found a stormy altar of Qazlal.
     7 | D        | Found an ancient bone altar of Kikubaaqudgha.
     7 | D        | Found Denlan's Weapon Rack.
     7 | D        | Found Willoigo's Premium Goods.
     8 | D        | Found Pureg's Basic Armour.
     8 | D        | Found Zogiaj's Miscellaneous Merchandise.
    16 | D        | Reached XP level 2. HP: 26/26 MP: 2/2
    23 | D        | Found an opulent altar of Gozag.
    28 | D        | Became a worshipper of Qazlal Stormbringer
    40 | D        | Bought a +0 hand cannon for 105 gold pieces
    57 | D        | Found a radiant altar of Vehumet.
    62 | D        | Noticed a gnoll sergeant
    67 | D        | Mangled by a gnoll sergeant

Illustrated notes

Levels and vault maps discovered:
D:        arena_sprint

Skill      XL: |  1 |
---------------+----+-----
Fighting       | 3 |  3.4
Armour         | 4 |  4.6
Shields        | 4 |  4.1
Axes           | |  1.9

Action                     || total
---------------------------++-------
  Melee: War axe           ||     3
   Fire: Hand cannon       ||     6
 Armour: Scale mail        ||     8
  Dodge: Dodged            ||     1
  Block: Buckler           ||     4

Table legend: (Time is in decaauts)
 A = Elapsed time spent in this place.
 B = Non-inter-level travel time spent in this place.
 C = Inter-level travel time spent in this place.
 D = Time resting spent in this place.
 E = Time spent auto-exploring this place.
 F = Levels seen in this place.
 G = Mean time per level.
                   A        B        C        D        E       F      G
               +--------+--------+--------+--------+--------+-----+--------+
         Total |     73 |     69 |      4 |      3 |      0 |   1 |   73.0 |
       Dungeon |     73 |     69 |      4 |      3 |      0 |   1 |   73.0 |
               +--------+--------+--------+--------+--------+-----+--------+

Top non-repeatable levels by time:
       D: 73 daAuts
